 Dungeon Crawl Stone Soup version 0.30-a0-576-g89cddaab80 (webtiles) character file.

Game seed: 17388434203859230449

598 Sabo the Covered (level 7, 0/61 (62) HPs)
             Began as an Armataur Fighter on Dec 30, 2022.
             Was an Initiate of Gozag.
             Slain by a wight
             ... wielding a +3 spear of freezing
              (5 damage)
             ... on level 4 of the Dungeon.
             The game lasted 00:15:02 (3120 turns).

Sabo the Covered (Armataur Fighter)                 Turns: 3120, Time: 00:15:03

HP:   0/61 (62)     AC:  8    Str: 24    XL:     7   Next: 17%
MP:   7/7           EV:  8    Int:  8    God:    Gozag
Gold: 426           SH:  4    Dex:  9    Spells: 6/6 levels left

rFire   . . .      SeeInvis .    a - +0 war axe
rCold   . . .      Faith    .    c - +0 buckler
rNeg    . . .      Spirit   .    b - +0 scale mail
rPois   +          Reflect  .    n - +0 helmet
rElec   .          Harm     .    (no cloak)
rCorr   .          Roll     +    (no gloves)
Will    .....                    (no barding) Stlth
                                 e - amulet of the acrobat
HPRegen 0.30/turn                s - ring of poison resistance
MPRegen 0.10/turn                (no ring)

@: mighty, gold aura, lightly drained
A: large, rugged brown scales 3, deformed body, armoured tail, roll, long
tongue, awkward tongue
a: Renounce Religion, Potion Petition, Call Merchant, Bribe Branch


You were on level 4 of the Dungeon.
You worshipped Gozag.
Gozag was aware of your devotion.
You visited 1 branch of the dungeon, and saw 4 of its levels.

You collected 469 gold pieces.
You paid 43 gold pieces to Gozag.

Inventory:

Hand Weapons
 a - a +0 war axe (weapon)
 o - a +0 sling
Armour
 b - a +0 scale mail (worn)
 c - a +0 buckler (worn)
 n - a +0 helmet (worn)
Jewellery
 e - an amulet of the acrobat (around neck)
 s - a ring of poison resistance (left hand)
Scrolls
 f - a scroll of magic mapping {unknown}
 h - a scroll of immolation {unknown}
 i - a scroll of fog {unknown}
 j - a scroll of fear {unknown}
 k - a scroll of enchant armour {unknown}
 p - a scroll of noise {unknown}
 r - a scroll of blinking {unknown}
Potions
 g - a potion of curing {unknown}
 l - a potion of brilliance {unknown}
 m - 2 potions of heal wounds {unknown}
 q - a potion of invisibility {unknown}


   Skills:
 + Level 3.8 Fighting
 + Level 4.4 Axes
 + Level 5.7 Armour
 + Level 1.5 Dodging
 + Level 0.4 Stealth
 + Level 4.0 Shields


You had 6 spell levels left.
You didn't know any spells.
Your spell library was empty.

Dungeon Overview and Level Annotations

Branches:
Dungeon (4/15)
 Temple: D:4-7

Altars:
Cheibriados
Gozag
Zin


Innate Abilities, Weirdness & Mutations

You are completely covered in rugged brown scales. (AC +3, +7% HP)
Armour fits poorly on your strangely shaped body.
You have a long armoured tail.
You roll when moving toward enemies. (Rampage)
Your long tongue fully drains potion bottles. (2x potion effects)
Your tongue gives you trouble enunciating. (1.5x scroll delay)


Message History

The wight is heavily damaged.
The wight hits you but does no damage.
The wight hits you from afar with a +3 spear of freezing.
* * * LOW HITPOINT WARNING * * *
The wight freezes you.
* * * LOW HITPOINT WARNING * * *
You hit the wight but do no damage.
The wight is heavily damaged.
You block the wight's attack.
The wight is distracted by your dazzling golden aura.
You closely miss the wight. You tail-slap the wight!
You destroy the wight!
The wight is no longer distracted by gold.
You block the wight's attack.
The wight hits you from afar with a +3 spear of freezing.
* * * LOW HITPOINT WARNING * * *
You feel drained.
* * * LOW HITPOINT WARNING * * *
The wight freezes you.
* * * LOW HITPOINT WARNING * * *
The wight is distracted by your dazzling golden aura.
Your life force feels restored.
You barely miss the wight.
The wight is no longer distracted by gold.
The wight barely misses you. You block the wight's attack.
You slash the wight!
Your tail-slap misses the wight.
The wight is severely damaged.
The wight is distracted by your dazzling golden aura.
The wight hits you from afar with a +3 spear of freezing.
* * * LOW HITPOINT WARNING * * *
You feel drained.
* * * LOW HITPOINT WARNING * * *
The wight freezes you.
* * * LOW HITPOINT WARNING * * *
You slice the wight!!
You destroy the wight!
The wight hits you but does no damage.
The wight hits you from afar with a +3 spear of freezing.
You die...
Your body crumbles into a pile of gold.

...# #....#.#.....#
#.# ...#
####.#.#.....# #.###
...# #...#.....# #.#..
...# ##..#.....# #.#..
...# ##..#.....###.#..
...+
#####..........##.#>.
...#
##...#.##........#.#..
#..z##.##'##'#.#.#.#..
#...$@.#.))..#........
+...####...#######...#
#...# #...# #.#.#
#...# #...# #....
...?z# #...# ####.
....$.# #...# #.
......z# #...# ##
....#### #...# #...#


You could see a wight.

Vanquished Creatures
  2 ogres (D:4)
  A scorpion (D:4)
  4 wights (D:4)
  2 orc priests (D:3)
  An iguana (D:4)
  Robin (D:3)
  2 adders
  2 worms
  A dart slug (D:4)
  10 orcs (D:3)
  12 endoplasms
  2 giant cockroaches
  19 goblins
  5 hobgoblins
  3 quokkas
  6 ball pythons
  3 bats
  2 frilled lizards
  5 kobolds
  2 rats
85 creatures vanquished.

Vanquished Creatures (others)
  A plant (D:1)
1 creature vanquished.

Grand Total: 86 creatures vanquished

Notes
Turn   | Place    | Note
-------+----------+-------------------------------------------
     0 | D:1      | Sabo the Armataur Fighter began the quest for the Orb.
     0 | D:1      | Reached XP level 1. HP: 19/19 MP: 1/1
   201 | D:1      | Reached XP level 2. HP: 26/26 MP: 2/2
   465 | D:1      | Reached skill level 4 in Armour
   783 | D:2      | Reached XP level 3. HP: 22/33 MP: 3/3
  1409 | D:2      | Found a glowing silver altar of Zin.
  1566 | D:3      | Found an opulent altar of Gozag.
  1567 | D:3      | Found a snail-covered altar of Cheibriados.
  1633 | D:3      | Reached XP level 4. HP: 19/40 MP: 4/4
  1763 | D:3      | Became a worshipper of Gozag Ym Sagoz the Greedy
  1978 | D:3      | Found a glowing silver altar of Zin.
  1978 | D:3      | Noticed an angel
  2055 | D:3      | Noticed Robin
  2074 | D:3      | Killed Robin
  2176 | D:3      | Reached XP level 5. HP: 17/48 MP: 5/5
  2362 | D:3      | Found a faded altar of an unknown god.
  2949 | D:4      | Noticed an ogre
  2957 | D:4      | Killed an ogre
  2958 | D:4      | Reached skill level 1 in Dodging
  2958 | D:4      | Reached XP level 6. HP: 54/54 MP: 6/6
  2977 | D:4      | Reached skill level 5 in Armour
  3114 | D:4      | Reached XP level 7. HP: 19/62 MP: 7/7
  3120 | D:4      | Slain by a wight

Illustrated notes

Levels and vault maps discovered:
D:1:      eino_arrival_druids_welcome, layout_basic
D:2:      layout_loops_ring, basic_altar, grunt_ministairs_15, hex_medium,
          minivault_19
D:3:      layout_rooms, zin_angel, grunt_temple_overflow_open,
          serial_corexii_hall, chequers_hall_statues_y, corexii_hall_statues_i,
          shapermc_ecumenical_altar_mp_vishouse, uniq_robin
D:4:      layout_basic, gammafunk_temple_overflow_elements

Skill      XL: |  1  2  3  4  5  6 |
---------------+-------------------+-----
Fighting       | 3 |  3.8
Armour         | 4 5 |  5.7
Axes           | 2 3 4 |  4.4
Dodging        | 1 |  1.5
Shields        | 4 |  4.0
Stealth        | |  0.4

Action                   |  1- 3 |  4- 6 |  7- 9 || total
-------------------------+-------+-------+-------++-------
Melee: War axe           |    80 |   137 |     6 ||   223
       Tailslap          |     7 |    16 |     2 ||    25
  Use: Scroll            |     1 |       |       ||     1
       Potion            |       |     1 |     1 ||     2
 Stab: Distracted        |       |     1 |       ||     1
Armor: Scale mail        |    33 |    56 |     2 ||    91
Dodge: Dodged            |    35 |    48 |     3 ||    86
Block: Buckler           |    12 |    25 |     3 ||    40

Table legend: (Time is in decaauts)
 A = Elapsed time spent in this place.
 B = Non-inter-level travel time spent in this place.
 C = Inter-level travel time spent in this place.
 D = Time resting spent in this place.
 E = Time spent auto-exploring this place.
 F = Levels seen in this place.
 G = Mean time per level.
                   A        B        C        D        E       F      G
               +--------+--------+--------+--------+--------+-----+--------+
         Total |   3208 |   3208 |      0 |    447 |      0 |   4 |  802.0 |
       Dungeon |   3208 |   3208 |      0 |    447 |      0 |   4 |  802.0 |
               +--------+--------+--------+--------+--------+-----+--------+

Top non-repeatable levels by time:
     D:3: 1333 daAuts
     D:2: 902 daAuts
     D:1: 690 daAuts
     D:4: 281 daAuts
